 Dungeon Crawl Stone Soup version 0.28-a0-1182-g381e24db82 (webtiles) character file.

Game seed: 5993360222174623935

1898 Essalna the Gusty (level 8, 0/64 HPs)
             Began as a Demonspawn Air Elementalist on Dec 17, 2021.
             Slain by a two-headed ogre (22 damage)
             ... on level 6 of the Dungeon.
             The game lasted 00:11:28 (6445 turns).

Essalna the Gusty (Demonspawn Air Elementalist)     Turns: 6445, Time: 00:11:29

Health: 0/64       AC:  6    Str:  8    XL:     8   Next: 93%
Magic:  0/17       EV: 12    Int: 18    God:
Gold:   687        SH:  5    Dex: 15    Spells: 12/20 levels left

rFire   . . .      SeeInvis .   r - +1 short sword (venom)
rCold   . . .      Faith    .   (no shield)
rNeg    . . .      Spirit   .   a - +0 robe
rPois   +          Reflect  +   (helmet restricted)
rElec   .          Harm     .   v - +0 cloak {rPois}
rCorr   .          Rampage  .   c - +0 pair of gloves
Will    .....                   (no boots)
Stlth   ++........              m - amulet of reflection
HPRegen 0.20/turn               (no ring)
MPRegen 0.15/turn               (no ring)

@: swift, very quick
A: antennae 2, powered by death 1, sharp scales 2, demonic magic 1
a: no special abilities


You were on level 6 of the Dungeon.
You visited 1 branch of the dungeon, and saw 6 of its levels.

You collected 687 gold pieces.

Inventory:

Hand Weapons
 r - a +1 short sword of venom (weapon)
Armour
 a - a +0 robe (worn)
 c - a +0 pair of gloves (worn)
 v - a +0 cloak of poison resistance (worn)
Jewellery
 m - an amulet of reflection (around neck)
Wands
 b - a wand of acid (5)
 o - a wand of charming (8)
 y - a wand of digging (8)
Scrolls
 d - a scroll of immolation {unknown}
 e - a scroll of noise {unknown}
 f - a scroll of identify {unknown}
 g - a scroll of enchant armour {unknown}
 h - 5 scrolls of teleportation {unknown}
 i - 2 scrolls of fog {unknown}
 n - 2 scrolls of fear {unknown}
 q - a scroll of vulnerability {unknown}
 u - a scroll of acquirement {unknown}
 x - 2 scrolls of magic mapping {unknown}
Potions
 j - a potion of cancellation {unknown}
 k - 7 potions of curing {unknown}
 l - a potion of brilliance {unknown}
 p - a potion of lignification {unknown}
 s - a potion of attraction {unknown}
 t - a potion of mutation {unknown}
 w - a potion of heal wounds


   Skills:
 + Level 6.1 Fighting
 - Level 1.7 Dodging
 - Level 1.7 Stealth
 + Level 6.5 Spellcasting
 - Level 2.0 Conjurations
 + Level 6.7 Air Magic


You had 12 spell levels left.
You knew the following spells:

 Your Spells              Type           Power      Damage    Failure   Level
a - Shock                 Conj/Air       84%        1d8       1%          1
b - Swiftness             Air            30%        N/A       1%          3
c - Airstrike             Air            15%        N/A       7%          4

Your spell library contained the following spells:

 Spells                   Type           Power      Damage    Failure   Level
 Static Discharge         Conj/Air       21%        N/A       2%          2
 Gell's Gravitas          Tloc           5%         N/A       34%         3
 Lesser Beckoning         Tloc           5%         N/A       34%         3
 Teleport Other           Tloc           5%         N/A       34%         3
 Dispersal                Tloc           2%         N/A       100%        6


Dungeon Overview and Level Annotations

Branches:
Dungeon (6/15)
 Temple: D:4-7

Altars:

Shops:
D:5 (


Innate Abilities, Weirdness & Mutations

You have a pair of antennae on your head.
You regenerate a little health from kills.
You are mostly covered in razor-sharp scales. (AC +2, Slay +2)
Spells you cast may paralyse adjacent enemies.


Message History

Casting: Airstrike (dangerous; 7% risk of failure)
Confirm with . or Enter, or press ? or * to list all spells.
Aiming: Airstrike (dangerous; 7% risk of failure)
Press: ? - help, Dir - move target, f/p - two-headed ogre
Aim: a two-headed ogre, wielding two +0 giant spiked clubs (lightly wounded, empty space bonus: 6/8)
The air twists around and strikes the two-headed ogre!
The two-headed ogre is moderately wounded.
Malevolent energies surge around you.
Casting: Airstrike (dangerous; 7% risk of failure)
Confirm with . or Enter, or press ? or * to list all spells.
Aiming: Airstrike (dangerous; 7% risk of failure)
Press: ? - help, Dir - move target, f/p - two-headed ogre
Aim: a two-headed ogre, wielding two +0 giant spiked clubs (moderately wounded, empty space bonus: 5/8)
The air twists around and strikes the two-headed ogre!
The two-headed ogre is heavily wounded.
Malevolent energies surge around you. You block the two-headed ogre's attack.
The two-headed ogre barely misses you.
Casting: Airstrike (dangerous; 7% risk of failure)
Confirm with . or Enter, or press ? or * to list all spells.
You don't have enough magic to cast this spell.
Unknown command.
Casting: Airstrike (dangerous; 7% risk of failure)
Confirm with . or Enter, or press ? or * to list all spells.
Aiming: Shock (safe; 1% risk of failure)
Press: ? - help, Shift-Dir - straight line, f/p - two-headed ogre
Aim: a two-headed ogre, wielding two +0 giant spiked clubs (heavily wounded, 88% to hit)
The zap hits the two-headed ogre.
The two-headed ogre is severely wounded.
Malevolent energies surge around you.
The two-headed ogre hits you with a +0 giant spiked club!! x2
* * * LOW HITPOINT WARNING * * *
Your magical contamination has completely faded away.
Casting: Shock (safe; 1% risk of failure)
Confirm with . or Enter, or press ? or * to list all spells.
Okay, then.
Casting: Shock (safe; 1% risk of failure)
Confirm with . or Enter, or press ? or * to list all spells.
You feel quick. Malevolent energies surge around you.
The two-headed ogre hits you with a +0 giant spiked club!!
You die...

##.....#......#####.######.#
.#####...#.##.# #.# # .#
##.##.##.#####.# .####
#.##.##.##....#
....###.##..........#
.........####.##.####
....#.....###.##.#
.##...........##O#
.##.#.....######@#
.##.##...## #.#
###.##...#######.# #
#.##...........# #
#.##...######>.# # #.####.#
#..# # #.# #.# ##..### # #.#
#.# #.....# # #.# #.#
###.#.#.#


You could see a two-headed ogre.

Vanquished Creatures
  2 water moccasins (D:5)
  An ice beast (D:5)
  A hornet zombie (D:6)
  2 black bears
  A necrophage (D:4)
  2 ogres
  2 sky beasts
  A phantom (D:4)
  A bullfrog (D:4)
  4 scorpions
  A water moccasin skeleton (D:4)
  3 centaur zombies
  A hound (D:4)
  Crazy Yiuf (D:4)
  2 orc priests (D:4)
  An orc wizard (D:4)
  A scorpion zombie (D:5)
  A howler monkey zombie (D:5)
  Robin (D:2)
  6 adders
  A gnoll (D:4)
  An ufetubus (D:5)
  A worm (D:2)
  7 dart slugs
  6 orcs (D:4)
  5 ball pythons
  5 bats
  8 endoplasms
  4 giant cockroaches
  21 goblins
  10 hobgoblins
  4 kobolds
  9 quokkas
  2 frilled lizards
  6 rats
125 creatures vanquished.

Notes
Turn   | Place    | Note
-------+----------+-------------------------------------------
     0 | D:1      | Essalna the Demonspawn Air Elementalist began the quest for
                  | the Orb.
     0 | D:1      | Reached XP level 1. HP: 13/13 MP: 3/3
   243 | D:1      | Gained mutation: You are partially covered in razor-sharp
                  | scales. (AC +1, Slay +1) [demonic ancestry]
   243 | D:1      | Reached XP level 2. HP: 12/19 MP: 1/5
   470 | D:1      | Found a faded altar of an unknown god.
  1145 | D:2      | Reached XP level 3. HP: 24/24 MP: 1/6
  1301 | D:2      | Found Kentus's Book Boutique.
  1888 | D:2      | Noticed Robin
  1901 | D:2      | Killed Robin
  2163 | D:3      | Gained mutation: You regenerate a little health from kills.
                  | [demonic ancestry]
  2163 | D:3      | Reached XP level 4. HP: 30/30 MP: 6/8
  2294 | D:3      | Learned a level 3 spell: Swiftness
  2299 | D:3      | Learned a level 4 spell: Airstrike
  2908 | D:4      | Reached skill level 1 in Fighting
  2908 | D:4      | Gained mutation: You are mostly covered in razor-sharp
                  | scales. (AC +2, Slay +2) [demonic ancestry]
  2908 | D:4      | Reached XP level 5. HP: 37/37 MP: 2/10
  3115 | D:4      | Found a runed translucent door.
  3116 | D:4      | Noticed Crazy Yiuf
  3593 | D:4      | Gained mutation: Spells you cast may paralyse adjacent
                  | enemies. [demonic ancestry]
  3593 | D:4      | Reached XP level 6. HP: 44/44 MP: 8/11
  3810 | D:4      | Gained mutation: You have a pair of small antennae on your
                  | head. [demonic ancestry]
  3810 | D:4      | Reached XP level 7. HP: 43/52 MP: 1/13
  4171 | D:4      | Reached skill level 5 in Air Magic
  4356 | D:4      | Killed Crazy Yiuf
  4470 | D:5      | Entered Level 5 of the Dungeon
  4494 | D:5      | Reached skill level 5 in Spellcasting
  4738 | D:5      | Gained mutation: You have a pair of antennae on your head.
                  | [demonic ancestry]
  4738 | D:5      | Reached XP level 8. HP: 61/61 MP: 11/16
  4976 | D:5      | Reached skill level 5 in Fighting
  5413 | D:5      | Found Ygoloi Cippi's Weapon Boutique.
  6410 | D:6      | Noticed a two-headed ogre
  6445 | D:6      | Slain by a two-headed ogre

Illustrated notes

Levels and vault maps discovered:
D:1:      wander_arrival_fairy_ring, layout_rooms,
          dreamdust_ecumenical_altar_grove
D:2:      layout_loops_cross, serial_shops, nicolae_lakefront_shop,
          chequers_hall_statues_wall_a, nrook_uturn, minmay_tromino_i2,
          uniq_robin
D:3:      layout_rooms
D:4:      minmay_polygon_palace, layout_rooms, uniq_crazy_yiuf_cottage
D:5:      layout_loops_ring, serial_shops, shop, nrook_mini_backslash
D:6:      layout_loops_ring, minmay_temple_entry_statues_pillars,
          wad_floor_pattern_1

Skill      XL: |  1  2  3  4  5  6  7  8 |
---------------+-------------------------+-----
Air Magic      | 3 4 5 6 |  6.7
Conjurations   | 2 |  2.0
Spellcasting   | 3 4 5 6 |  6.5
Fighting       | 1 2 3 4 6 |  6.1
Dodging        | |  1.7
Stealth        | |  1.7

Action                   |  1- 3 |  4- 6 |  7- 9 || total
-------------------------+-------+-------+-------++-------
Melee: Short sword       |    16 |    36 |    56 ||   108
       Unarmed           |     1 |       |       ||     1
 Cast: Shock             |    87 |   115 |   123 ||   325
       Airstrike         |       |       |     9 ||     9
       Swiftness         |       |       |     1 ||     1
  Use: Potion            |       |     1 |       ||     1
 Stab: Paralysed         |       |     4 |    22 ||    26
Armor: Robe              |     3 |    16 |    25 ||    44
Dodge: Dodged            |    20 |    31 |    36 ||    87
Block: Other             |       |    19 |    10 ||    29
       Reflection        |       |     6 |       ||     6

Table legend: (Time is in decaauts)
 A = Elapsed time spent in this place.
 B = Non-inter-level travel time spent in this place.
 C = Inter-level travel time spent in this place.
 D = Time resting spent in this place.
 E = Time spent auto-exploring this place.
 F = Levels seen in this place.
 G = Mean time per level.
                   A        B        C        D        E       F      G
               +--------+--------+--------+--------+--------+-----+--------+
         Total |   6455 |   6394 |     61 |     61 |   5414 |   6 | 1075.8 |
       Dungeon |   6455 |   6394 |     61 |     61 |   5414 |   6 | 1075.8 |
               +--------+--------+--------+--------+--------+-----+--------+

Top non-repeatable levels by time:
     D:4: 1683 daAuts
     D:2: 1509 daAuts
     D:5: 1363 daAuts
     D:1: 718 daAuts
     D:6: 615 daAuts
     D:3: 564 daAuts
